 Dungeon Crawl Stone Soup version 0.30-a0-1016-gfb0d676c02 (webtiles) character file.

Game seed: 15090050271852993983

63 gelatine the Trooper (level 3, -1/29 HPs)
             Began as a Demonspawn Fighter on Apr 7, 2023.
             Slain by Natasha (3 damage)
             ... on level 2 of the Dungeon.
             The game lasted 00:02:44 (1195 turns).

gelatine the Trooper (Demonspawn Fighter)           Turns: 1195, Time: 00:02:45

Health: -1/29      AC:  6    Str: 24    XL:     3   Next: 87%
Magic:  3/3        EV:  9    Int:  9    God:
Gold:   77         SH:  4    Dex: 12    Spells: 2/2 levels left

rFire   . . .      SeeInvis .    a - +0 war axe
rCold   . . .      Faith    .    c - +0 buckler
rNeg    . . .      Spirit   .    b - +0 scale mail
rPois   .          Reflect  .    (no helmet)
rElec   .          Rampage  .    (no cloak)
rCorr   .                        (no gloves)
Will    .....                    (no boots) Stlth
                                 (no amulet)
HPRegen 0.24/turn                i - +6 ring of strength
MPRegen 0.08/turn                (no ring)

@: no status effects
A: demonic magic 1
a: no special abilities


You were on level 2 of the Dungeon.
You visited 1 branch of the dungeon, and saw 2 of its levels.

You collected 77 gold pieces.

Inventory:

Hand Weapons
 a - a +0 war axe (weapon)
Armour
 b - a +0 scale mail (worn)
 c - a +0 buckler (worn)
Magical Staves
 h - a staff of death
Jewellery
 i - a +6 ring of strength (left hand)
Scrolls
 f - 2 scrolls of identify {unknown}
 g - a scroll of enchant armour {unknown}
 k - a scroll of poison {unknown}
 l - a scroll of fear {unknown}
Potions
 d - a potion of might
 e - 3 potions of brilliance {unknown}
 j - a potion of degeneration {unknown}


   Skills:
 * Level 3.3 Fighting
 * Level 2.7 Axes
 * Level 3.3 Armour
 * Level 0.4 Dodging
 * Level 2.8 Shields


You had 2 spell levels left.
You didn't know any spells.
Your spell library contained the following spells:

 Spells                   Type           Power      Damage    Failure   Level
 Ozocubu's Armour         Ice            0%         N/A       98%         3
 Metabolic Englaciation   Hex/Ice        0%         N/A       100%        5
 Simulacrum               Ice/Necr       0%         N/A       100%        6


Dungeon Overview and Level Annotations

Branches:
Dungeon (2/15)

Altars:

Annotations:
D:2 1 runed translucent door, Crazy Yiuf, Natasha


Innate Abilities, Weirdness & Mutations

Spells you cast may paralyse adjacent enemies.


Message History

You slash the goblin!
You kill the goblin!
You now have 65 gold pieces (gained 16).
Things that are here:
a +0 dagger; a goblin corpse
There is a stone staircase leading down here.
You now have 77 gold pieces (gained 12).
Found a stone staircase leading down.
Found a stone staircase leading up.
An endoplasm comes into view.
The endoplasm quivers.
The endoplasm hits you but does no damage.
The endoplasm freezes you.
You are frozen.
You slash the endoplasm!
You kill the endoplasm!
Natasha, Servant of Life and Death comes into view.
Natasha hisses angrily.
Natasha casts a spell at you. The magic dart hits you.
Natasha stares at you and mumbles some strange words.
The magic dart hits you.
Found a sling.
Natasha mumbles some strange words.
You feel disoriented. Natasha claws you but does no damage.
You hit Natasha but do no damage. You block Natasha's attack.
Natasha closely misses you.
You barely miss Natasha. Natasha claws you.
You slash Natasha!
Natasha is severely wounded.
Natasha stares at you and mumbles some strange words.
The magic dart hits you!
* * * LOW HITPOINT WARNING * * *
You completely miss Natasha.
Natasha is severely wounded.
Natasha claws you.
* * * LOW HITPOINT WARNING * * *
Natasha claws you.
You die...

....
.........#
....
.........##
....
...........
.#..
....).....
#..
.........#
....
.........#
.##.
......h..#
## ##@# #
#..# .#
#.####..#
#........
##........
#.........
#.....
#.########
#.....
##.###
#.....
#....#######
#.....


You could see Natasha.

Vanquished Creatures
  2 adders (D:2)
  A worm (D:2)
  5 ball pythons
  5 endoplasms
  4 giant cockroaches
  4 goblins
  6 hobgoblins (D:1)
  A jackal (D:1)
  A quokka (D:1)
  3 bats (D:1)
  2 frilled lizards
  3 rats
37 creatures vanquished.

Notes
Turn   | Place    | Note
-------+----------+-------------------------------------------
     0 | D:1      | gelatine the Demonspawn Fighter began the quest for the
                  | Orb.
     0 | D:1      | Reached XP level 1. HP: 18/18 MP: 1/1
   231 | D:1      | Gained mutation: Spells you cast may paralyse adjacent
                  | enemies. [demonic ancestry]
   231 | D:1      | Reached XP level 2. HP: 24/24 MP: 2/2
   738 | D:1      | Reached XP level 3. HP: 28/29 MP: 3/3
  1109 | D:2      | Found a runed translucent door.
  1110 | D:2      | Noticed Crazy Yiuf
  1187 | D:2      | Noticed Natasha
  1195 | D:2      | Slain by Natasha

Illustrated notes

Levels and vault maps discovered:
D:1:      onia_arrival_pyramid, layout_loops_cross, nicolae_hexahallways,
          amethyst_killhole, st_stairs_8, minmay_heptomino_h4
D:2:      layout_rooms, nicolae_eternal_life, minmay_fractal_squares_gapless_5,
          uniq_jessica, uniq_crazy_yiuf_cottage, uniq_natasha

Skill      XL: |  1  2 |
---------------+-------+-----
Armour         | 3 |  3.3
Axes           | 2 |  2.7
Fighting       | |  3.3
Dodging        | |  0.4
Shields        | |  2.8

Action                     || total
---------------------------++-------
  Melee: War axe           ||   127
 Armour: Scale mail        ||    73
  Dodge: Dodged            ||    68
  Block: Buckler           ||    26

Table legend: (Time is in decaauts)
 A = Elapsed time spent in this place.
 B = Non-inter-level travel time spent in this place.
 C = Inter-level travel time spent in this place.
 D = Time resting spent in this place.
 E = Time spent auto-exploring this place.
 F = Levels seen in this place.
 G = Mean time per level.
                   A        B        C        D        E       F      G
               +--------+--------+--------+--------+--------+-----+--------+
         Total |   1248 |   1217 |     31 |      0 |    841 |   2 |  624.0 |
       Dungeon |   1248 |   1217 |     31 |      0 |    841 |   2 |  624.0 |
               +--------+--------+--------+--------+--------+-----+--------+

Top non-repeatable levels by time:
     D:1: 921 daAuts
     D:2: 327 daAuts
